TOP OF THE 1ST |
Wisconsin Timber Rattlers batting - Pitching for Amarillo Archdukes : LHP Tim Miller
|
Pitching: LHP Tim Miller
|
|
Batting: LHB Marv Walker
|
0-0: Ball 1-0: Foul Ball, location: 2F 1-1: Ball 2-1: Ball 3-1: Called Strike 3-2: Ground out 6-3 (Groundball, 6)
|
Batting: RHB Koin Tanaka
|
0-0: Swinging Strike 0-1: Called Strike 0-2: Ground out U3 (Groundball, 3)
|
Batting: RHB Murdoch Norton
|
0-0: Ball 1-0: Ball 2-0: Ball 3-0: Foul Ball, location: 2F 3-1: Called Strike 3-2: Base on Balls
|
Batting: RHB Alfredo Padilla
|
0-0: Ball 1-0: Foul Ball, location: 2F 1-1: Ball 2-1: Swinging Strike 2-2: Foul Ball, location: 2F 2-2: Strikes out swinging
|
Top of the 1st over - 0 run(s), 0 hit(s), 0 error(s), 1 left on base; Wisconsin 0 - Amarillo 0 |
BOTTOM OF THE 1ST |
Amarillo Archdukes batting - Pitching for Wisconsin Timber Rattlers : LHP Jamie Lawson
|
Pitching: LHP Jamie Lawson
|
|
Batting: LHB Ethan Marshall
|
0-0: Called Strike 0-1: SINGLE (Line Drive, 6D)
|
Batting: LHB Chris Pryor
|
0-0: Foul Ball, location: 2F 0-1: Foul Ball, location: 2F 0-2: Ball 1-2: Ball 2-2: Ball 3-2: Base on Balls Ethan Marshall to second
|
Batting: SHB Víctor Serrano
|
0-0: SINGLE (Flyball, 9S) Ethan Marshall to third Chris Pryor to second Runner from 3rd tries for Home, SAFE, no throw or cutoff
|
Batting: RHB Dave Parker
|
0-0: Called Strike 0-1: Fly out, F3 (Line Drive, 34) 0-1: Lined into DP, 3-6 (Line Drive, 34)
|
Batting: RHB Jorge Espinosa
|
0-0: Ball 1-0: Ball 2-0: Swinging Strike 2-1: Called Strike 2-2: Foul Ball, location: 2F 2-2: Strikes out swinging
|
Bottom of the 1st over - 1 run(s), 2 hit(s), 0 error(s), 1 left on base; Wisconsin 0 - Amarillo 1 |
TOP OF THE 2ND |
Wisconsin Timber Rattlers batting - Pitching for Amarillo Archdukes : LHP Tim Miller
|
Batting: LHB Tony Ortíz
|
0-0: Called Strike 0-1: Fly out, F8 (Flyball, 8LM)
|
Batting: RHB António Pérez
|
0-0: Foul Ball, location: 2F 0-1: Ground out 6-3 (Groundball, 6)
|
Batting: RHB Ulysse Bélisle
|
0-0: Called Strike 0-1: Reached on error, E4 (Groundball, 4)
|
Batting: RHB Vicente Vélez
|
0-0: Fly out, F7 (Flyball, 7D)
|
Top of the 2nd over - 0 run(s), 0 hit(s), 1 error(s), 1 left on base; Wisconsin 0 - Amarillo 1 |
BOTTOM OF THE 2ND |
Amarillo Archdukes batting - Pitching for Wisconsin Timber Rattlers : LHP Jamie Lawson
|
Batting: RHB Miguel Hernández
|
0-0: Called Strike 0-1: Ball 1-1: Fly out, F9 (Flyball, 89S)
|
Batting: RHB Ed Terry
|
0-0: Foul Ball, location: 2F 0-1: Called Strike 0-2: Ball 1-2: Foul Ball, location: 2F 1-2: Ball 2-2: Fly out, F7 (Flyball, 78M)
|
Batting: RHB Dong-kwan Han
|
0-0: Foul Ball, location: 2F 0-1: Foul Ball, location: 2F 0-2: Fly out, F9 (Flyball, 89S)
|
Bottom of the 2nd over - 0 run(s), 0 hit(s), 0 error(s), 0 left on base; Wisconsin 0 - Amarillo 1 |
TOP OF THE 3RD |
Wisconsin Timber Rattlers batting - Pitching for Amarillo Archdukes : LHP Tim Miller
|
Batting: RHB Joseph Stone
|
0-0: Ball 1-0: Ball 2-0: Ball 3-0: Base on Balls
|
Batting: LHB Marv Walker
|
0-0: Ball 1-0: Foul Ball, location: 2F 1-1: Swinging Strike 1-2: Strikes out swinging
|
Batting: RHB Koin Tanaka
|
0-0: Ball 1-0: Foul Ball, location: 2F 1-1: Swinging Strike 1-2: Grounds into double play, U6-3 (Groundball, 6M)
|
Top of the 3rd over - 0 run(s), 0 hit(s), 0 error(s), 0 left on base; Wisconsin 0 - Amarillo 1 |
BOTTOM OF THE 3RD |
Amarillo Archdukes batting - Pitching for Wisconsin Timber Rattlers : LHP Jamie Lawson
|
Batting: LHB Jorge Martínez
|
0-0: Fly out, F9 (Line Drive, 9S)
|
Batting: LHB Ethan Marshall
|
0-0: Foul Ball, location: 2F 0-1: Ball 1-1: Bunt for hit - play at first, batter OUT! 1-3
|
Batting: LHB Chris Pryor
|
0-0: Foul Ball, location: 2F 0-1: Ball 1-1: Foul Ball, location: 2F 1-2: Strikes out swinging
|
Bottom of the 3rd over - 0 run(s), 0 hit(s), 0 error(s), 0 left on base; Wisconsin 0 - Amarillo 1 |
TOP OF THE 4TH |
Wisconsin Timber Rattlers batting - Pitching for Amarillo Archdukes : LHP Tim Miller
|
Batting: RHB Murdoch Norton
|
0-0: Ground out 6-3 (Groundball, 6)
|
Batting: RHB Alfredo Padilla
|
0-0: Ball 1-0: Ground out 6-3 (Groundball, 6)
|
Batting: LHB Tony Ortíz
|
0-0: Ball 1-0: Called Strike 1-1: Ground out U3 (Groundball, 3S)
|
Top of the 4th over - 0 run(s), 0 hit(s), 0 error(s), 0 left on base; Wisconsin 0 - Amarillo 1 |
BOTTOM OF THE 4TH |
Amarillo Archdukes batting - Pitching for Wisconsin Timber Rattlers : LHP Jamie Lawson
|
Batting: SHB Víctor Serrano
|
0-0: Ball 1-0: Ball 2-0: Fly out, F9 (Flyball, 9D)
|
Batting: RHB Dave Parker
|
0-0: Ball 1-0: Called Strike 1-1: Called Strike 1-2: Strikes out swinging
|
Batting: RHB Jorge Espinosa
|
0-0: Fly out, F4 (Popup, 4M)
|
Bottom of the 4th over - 0 run(s), 0 hit(s), 0 error(s), 0 left on base; Wisconsin 0 - Amarillo 1 |
TOP OF THE 5TH |
Wisconsin Timber Rattlers batting - Pitching for Amarillo Archdukes : LHP Tim Miller
|
Batting: RHB António Pérez
|
0-0: Ball 1-0: Reached on error, E5 (Groundball, 5L)
|
Batting: RHB Ulysse Bélisle
|
0-0: Ball 1-0: 2-RUN HOME RUN (Flyball, 9D), Distance : 366 ft
|
Batting: RHB Vicente Vélez
|
0-0: Ball 1-0: Ground out 4-3 (Groundball, 4M)
|
Batting: RHB Joseph Stone
|
0-0: Ball 1-0: Foul Ball, location: 2F 1-1: Fly out, F4 (Popup, 34)
|
Batting: LHB Marv Walker
|
0-0: Called Strike 0-1: Swinging Strike 0-2: SINGLE (Groundball, 34D) (infield hit)
|
Batting: RHB Koin Tanaka
|
0-0: Ball 1-0: Called Strike 1-1: Ball 2-1: Foul Ball, location: 2F 2-2: Foul Ball, location: 2F 2-2: Strikes out swinging
|
Top of the 5th over - 2 run(s), 2 hit(s), 1 error(s), 1 left on base; Wisconsin 2 - Amarillo 1 |
BOTTOM OF THE 5TH |
Amarillo Archdukes batting - Pitching for Wisconsin Timber Rattlers : LHP Jamie Lawson
|
Batting: RHB Miguel Hernández
|
0-0: Bunt missed! 0-1: Swinging Strike 0-2: Ball 1-2: Ground out 5-3 (Groundball, 5S)
|
Batting: RHB Ed Terry
|
0-0: SINGLE (Flyball, 34D)
|
Batting: RHB Dong-kwan Han
|
0-0: Ball Wild Pitch! Ed Terry to second 1-0: Ball 2-0: Ball 3-0: Called Strike 3-1: Fly out, F7 (Flyball, 7M)
|
Batting: LHB Jorge Martínez
|
0-0: Ball 1-0: Ball 2-0: Ball 3-0: Base on Balls
|
Batting: LHB Ethan Marshall
|
0-0: Ball 1-0: Foul Ball, location: 2F 1-1: Foul Ball, location: 2F 1-2: Foul Ball, location: 2F 1-2: Foul Ball, location: 2F 1-2: Strikes out looking
|
Bottom of the 5th over - 0 run(s), 1 hit(s), 0 error(s), 2 left on base; Wisconsin 2 - Amarillo 1 |
TOP OF THE 6TH |
Wisconsin Timber Rattlers batting - Pitching for Amarillo Archdukes : LHP Tim Miller
|
Batting: RHB Murdoch Norton
|
0-0: Ball 1-0: Foul Ball, location: 2F 1-1: Ground out 5-3 (Groundball, 5L)
|
Batting: RHB Alfredo Padilla
|
0-0: Ball 1-0: Foul Ball, location: 2F 1-1: Swinging Strike 1-2: Foul Ball, location: 2F 1-2: Ball 2-2: Foul Ball, location: 2F 2-2: Strikes out swinging
|
Batting: LHB Tony Ortíz
|
0-0: Called Strike 0-1: Foul Ball, location: 2F 0-2: Ball 1-2: Strikes out looking
|
Top of the 6th over - 0 run(s), 0 hit(s), 0 error(s), 0 left on base; Wisconsin 2 - Amarillo 1 |
BOTTOM OF THE 6TH |
Amarillo Archdukes batting - Pitching for Wisconsin Timber Rattlers : LHP Jamie Lawson
|
Batting: LHB Chris Pryor
|
0-0: Foul Ball, location: 2F 0-1: Ball 1-1: SINGLE (Groundball, 25) (infield hit)
|
Batting: SHB Víctor Serrano
|
0-0: Called Strike 0-1: Called Strike 0-2: Foul Ball, location: 2F 0-2: Ball 1-2: Foul Ball, location: 2F 1-2: Ball 2-2: Foul Ball, location: 2F 2-2: Foul Ball, location: 2F 2-2: SINGLE (Line Drive, 7S) Chris Pryor to second
|
Batting: RHB Dave Parker
|
0-0: Called Strike 0-1: Foul Ball, location: 2F 0-2: Foul Ball, location: 2F 0-2: Fly out, F8 (Flyball, 8LD) Runner from 2nd tags up, SAFE at 3rd, no throw
|
Batting: RHB Jorge Espinosa
|
0-0: Foul Ball, location: 2F 0-1: Foul Ball, location: 2F 0-2: Ball 1-2: Foul Ball, location: 2F 1-2: Fly out, F7 (Flyball, 78D) Runner from 3rd tags up, SCORES, no throw
|
Batting: RHB Miguel Hernández
|
0-0: Ball 1-0: Ball 2-0: Ball 3-0: Called Strike 3-1: Foul Ball, location: 2F 3-2: Fly out, F8 (Flyball, 8LS)
|
Bottom of the 6th over - 1 run(s), 2 hit(s), 0 error(s), 1 left on base; Wisconsin 2 - Amarillo 2 |
TOP OF THE 7TH |
Wisconsin Timber Rattlers batting - Pitching for Amarillo Archdukes : LHP Tim Miller
|
Batting: RHB António Pérez
|
0-0: Ball 1-0: Ball 2-0: Called Strike 2-1: Foul Ball, location: 2F 2-2: SINGLE (Line Drive, 9LS)
|
Batting: RHB Ulysse Bélisle
|
0-0: Ball 1-0: Ball 2-0: Sac Bunt - play at first, batter OUT! 4-3 António Pérez to second
|
Batting: RHB Vicente Vélez
|
0-0: Intentional Walk
|
Pinch Hitting: RHB Emílio Carrillo
|
0-0: Ball 1-0: Called Strike 1-1: Ground out 4-3 (Groundball, 4M) António Pérez to third Vicente Vélez to second
|
Pinch Hitting: RHB Chris Walker
|
0-0: Swinging Strike 0-1: Foul Ball, location: 2F 0-2: Ball 1-2: Foul Ball, location: 2F 1-2: Foul Ball, location: 2F 1-2: Foul Ball, location: 2F 1-2: Foul Ball, location: 2F 1-2: Foul Ball, location: 2F 1-2: Strikes out swinging
|
Top of the 7th over - 0 run(s), 1 hit(s), 0 error(s), 2 left on base; Wisconsin 2 - Amarillo 2 |
BOTTOM OF THE 7TH |
Amarillo Archdukes batting - Pitching for Wisconsin Timber Rattlers : LHP Jamie Lawson
|
Pitching: RHP Richard Hardin
|
|
Now at SS: Emílio Carrillo
|
|
Now in RF: Chris Walker
|
|
Pinch Hitting: LHB Michael Cook
|
0-0: Foul Ball, location: 2F 0-1: Ball 1-1: Swinging Strike 1-2: Fly out, F8 (Flyball, 8LM)
|
Pinch Hitting: LHB Howard Lambert
|
0-0: SOLO HOME RUN (Flyball, 8RXD), Distance : 396 ft
|
Pitching: LHP José García
|
|
Batting: LHB Jorge Martínez
|
0-0: Foul Ball, location: 2F 0-1: Ball 1-1: Called Strike 1-2: Strikes out swinging
|
Batting: LHB Ethan Marshall
|
0-0: Ball 1-0: Ball 2-0: Ball 3-0: Called Strike 3-1: Base on Balls
|
Pitching: RHP Mike Brown
|
|
Batting: LHB Chris Pryor
|
0-0: Ball 1-0: Ball 2-0: Ball 3-0: Base on Balls Ethan Marshall to second
|
Batting: SHB Víctor Serrano
|
0-0: Fly out, F1 (Line Drive, 13)
|
Bottom of the 7th over - 1 run(s), 1 hit(s), 0 error(s), 2 left on base; Wisconsin 2 - Amarillo 3 |
TOP OF THE 8TH |
Wisconsin Timber Rattlers batting - Pitching for Amarillo Archdukes : LHP Tim Miller
|
Pitching: RHP Atsushi Kataoka
|
|
Now at 1B: Michael Cook
|
|
Now at 2B: Juan Gómez
|
|
Batting: RHB Koin Tanaka
|
0-0: Ball 1-0: Ball 2-0: Ball 3-0: Called Strike 3-1: SINGLE (Line Drive, 7LS)
|
Batting: RHB Murdoch Norton
|
0-0: Ball 1-0: Foul Ball, location: 2F 1-1: Ball 2-1: Foul Ball, location: 2F 2-2: Grounds into double play, 6-4-3 (Groundball, 6M)
|
Batting: RHB Alfredo Padilla
|
0-0: Ball 1-0: Foul Ball, location: 2F 1-1: Swinging Strike 1-2: Ball 2-2: Foul Ball, location: 2F 2-2: Ball 3-2: Foul Ball, location: 2F 3-2: Base on Balls
|
Pitching: RHP Frederick Kern
|
|
Pinch Hitting: LHB Aroghetto Dionisotti
|
0-0: Called Strike 0-1: SINGLE (Line Drive, 6M) Alfredo Padilla to second
|
Batting: RHB António Pérez
|
0-0: Ball 1-0: Called Strike 1-1: Fielders Choice at 2nd, 6-4 (Groundball, 6)
|
Top of the 8th over - 0 run(s), 2 hit(s), 0 error(s), 1 left on base; Wisconsin 2 - Amarillo 3 |
BOTTOM OF THE 8TH |
Amarillo Archdukes batting - Pitching for Wisconsin Timber Rattlers : RHP Mike Brown
|
Now in LF: Aroghetto Dionisotti
|
|
Batting: RHB Dave Parker
|
0-0: Called Strike 0-1: Ball 1-1: Fly out, F7 (Flyball, 7LD)
|
Batting: RHB Jorge Espinosa
|
0-0: Called Strike 0-1: Ball 1-1: Ball 2-1: Ball 3-1: Called Strike 3-2: Base on Balls
|
Batting: RHB Miguel Hernández
|
0-0: Called Strike 0-1: Ball 1-1: Ball 2-1: Swinging Strike 2-2: Strikes out swinging
|
Batting: LHB Michael Cook
|
0-0: Called Strike 0-1: Fly out, F6 (Popup, 56D)
|
Bottom of the 8th over - 0 run(s), 0 hit(s), 0 error(s), 1 left on base; Wisconsin 2 - Amarillo 3 |
TOP OF THE 9TH |
Wisconsin Timber Rattlers batting - Pitching for Amarillo Archdukes : RHP Frederick Kern
|
Pitching: RHP Ray Watkins
|
|
Batting: RHB Ulysse Bélisle
|
0-0: Called Strike
|
|
|
|
0-1: Ball 1-1: Ground out 5-3 (Groundball, 5)
|
Batting: RHB Vicente Vélez
|
0-0: Ball 1-0: Ball 2-0: Foul Ball, location: 2F 2-1: Ground out 6-3 (Groundball, 6)
|
Batting: RHB Emílio Carrillo
|
0-0: Ball 1-0: Called Strike 1-1: Called Strike 1-2: Ball 2-2: Ball 3-2: Strikes out looking
|
Top of the 9th over - 0 run(s), 0 hit(s), 0 error(s), 0 left on base; Wisconsin 2 - Amarillo 3 |
|
|